 Dungeon Crawl Stone Soup version 0.22-a0-192-g6ffc940 (webtiles) character file.

39 vishdafish the Skirmisher (level 3, 0/29 HPs)
             Began as a Demonspawn Fighter on Feb 16, 2018.
             Succumbed to an adder's poison
             ... on level 2 of the Dungeon.
             The game lasted 00:01:14 (1013 turns).

vishdafish the Skirmisher (Demonspawn Fighter)      Turns: 1013, Time: 00:01:15

Health: 0/29       AC:  6    Str: 16    XL:     3   Next: 28%
Magic:  3/3        EV:  7    Int: 15    God:
Gold:   33         SH: 12    Dex: 12    Spells: 2/2 levels left

rFire    . . .     SeeInvis .   a - +0 long sword
rCold    . . .     Gourm    .   c - +0 shield
rNeg     . . .     Faith    .   b - +0 scale mail
rPois    .         Spirit   .   (no helmet)
rElec    .         Reflect  .   (no cloak)
rCorr    .         Harm     .   (no gloves)
MR       .....                  (no boots)
Stlth    ..........             (no amulet)
HPRegen  0.09/turn              (no ring)
MPRegen  0.08/turn              (no ring)

@: brilliant, lethally poisoned (0 -> -23), hasted, very quick
A: large bone plates 1, powered by death 1
a: no special abilities


You were on level 2 of the Dungeon.
You were not hungry.

You visited 1 branch of the dungeon, and saw 2 of its levels.

You collected 33 gold pieces.

Inventory:

Hand Weapons
 a - a +0 long sword (weapon)
Armour
 b - a +0 scale mail (worn)
 c - a +0 shield (worn)
 i - a +0 pair of gloves
Jewellery
 j - an uncursed ring of protection from magic {unknown}
Scrolls
 e - 2 scrolls of identify {unknown}
 h - a scroll of amnesia {unknown}
 k - a scroll of teleportation {unknown}
Potions
 d - a potion of might
Comestibles
 f - 5 rations


   Skills:
 + Level 3.3 Fighting
 * Level 2.5 Long Blades
 + Level 3.0 Armour
 + Level 0.7 Dodging
 - Level 2.8 Shields


You had 2 spell levels left.
You didn't know any spells.

Dungeon Overview and Level Annotations

Branches:
Dungeon (2/15)

Altars:
Gozag


Innate Abilities, Weirdness & Mutations

You are partially covered in large bone plates. (SH +4)
You regenerate a little health from kills.


Message History

You are more poisoned.
The adder poisons you!
You are too injured to fight recklessly!
It was a potion of haste.
You feel yourself speed up.
* * * LOW HITPOINT WARNING * * *
You feel sick. You block the adder's attack. The adder bites you.
* * * LOW HITPOINT WARNING * * *
You are more poisoned.
The adder poisons you!
You hit the adder.
You kill the adder!
* * * LOW HITPOINT WARNING * * *
You feel sick.
It was a potion of brilliance.
You feel clever all of a sudden.
* * * LOW HITPOINT WARNING * * *
You feel sick.
Okay, then.
Okay, then.
You die...

# ### #
#. ..#.#
#..##.#.#
#.......#
#@####
#....#
####?#
#.# #.#
#.....#
###.#
#.....#
#...#
#.....#
#.### #.
#.....#
#.#


There were no monsters in sight!

Vanquished Creatures
  An adder (D:2)
  A leopard gecko (D:1)
  A goblin (D:1)
  5 hobgoblins
  2 jackals (D:1)
  5 kobolds
  2 ball pythons
  4 bats
  3 frilled lizards
  4 rats
28 creatures vanquished.

Notes
Turn   | Place    | Note
-------+----------+-------------------------------------------
     0 | D:1      | vishdafish the Demonspawn Fighter began the quest for the Orb.
     0 | D:1      | Reached XP level 1. HP: 18/18 MP: 1/1
   182 | D:1      | Gained mutation: You are partially covered in large bone plates. (SH +4) [demonic ancestry]
   182 | D:1      | Reached XP level 2. HP: 24/24 MP: 2/2
   881 | D:2      | Found an opulent altar of Gozag.
   962 | D:2      | Gained mutation: You regenerate a little health from kills. [demonic ancestry]
   962 | D:2      | Reached XP level 3. HP: 29/29 MP: 3/3
  1012 | D:2      | HP: 1/29 [poisoned by an adder]
  1013 | D:2      | Succumbed to an adder's poison

Vault maps used:
D:1:      saegor_arrival_simple_f, minivault_26
D:2:      chequers_temple_overflow_statue_of_worship, grunt_gozag_statues,
          nicolae_dithmenos_shadow_blocks

Skill      XL: |  1  2 |
---------------+-------+-----
Long Blades    | 2 |  2.5
Armour         | 3 |  3.0
Fighting       | |  3.3
Dodging        | |  0.7
Shields        | |  2.8

Action                   || total
-------------------------++-------
Melee: Long sword        ||    80
  Use: Potion            ||     2
Armor: Scale mail        ||    44
Dodge: Dodged            ||    18
Block: Shield            ||    63
       Rpst.: Long sword ||     8

Table legend:
 A = Spawn XP
 B = Non-spawn XP
 C = Spawn XP percentage of total XP
 D = Spawn monster count
 E = Non-spawn monster count
 F = Spawn count percentage of total count
 G = Total turns spent on level
                    A         B        C        D         E        F      G
               +---------+---------+-------+---------+---------+-------+---------
         Total |       0 |      57 |   0.0 |       0 |      28 |   0.0 |  1013
               +---------+---------+-------+---------+---------+-------+---------
           D:1 |       0 |      31 |   0.0 |       0 |      19 |   0.0 |   856
           D:2 |       0 |      26 |   0.0 |       0 |       9 |   0.0 |   157
               +---------+---------+-------+---------+---------+-------+---------
